 Dungeon Crawl Stone Soup version 0.29-a0-321-gf1c400731a (webtiles) character file.

Game seed: 354270312811579439

3927 wakim the Martial Artist (level 10, -4/69 HPs)
             Began as an Octopode Transmuter on Apr 3, 2022.
             Was an Initiate of Gozag.
             Killed from afar by a steam dragon (22 damage)
             ... with a ball of steam
             ... on level 8 of the Dungeon.
             The game lasted 00:32:48 (11387 turns).

wakim the Martial Artist (Octopode Transmuter)     Turns: 11387, Time: 00:32:49

Health: -4/69      AC:  1    Str:  9    XL:     10   Next: 21%
Magic:  16/16      EV: 13    Int: 20    God:    Gozag
Gold:   1062       SH:  0    Dex: 13    Spells: 6/17 levels left

rFire   . . .      SeeInvis .     - Unarmed
rCold   . . .      Faith    .   (no shield)
rNeg    . . .      Spirit   .   (helmet restricted)
rPois   .          Reflect  .   S - amulet of magic regeneration
rElec   .          Harm     .   W - +4 ring of slaying
rCorr   .          Rampage  .   (no ring)
Will    .....                   (no ring)
Stlth   +++.......              (no ring)
HPRegen 0.21/turn               (no ring)
MPRegen 0.55/turn               (no ring)
                                (no ring)
                                (no ring)

@: marked, gold aura
A: almost no armour, amphibious, 8 rings, camouflage 1, gelatinous body 1,
(nimble swimmer 1), tentacles
a: Renounce Religion, Potion Petition, Call Merchant, Bribe Branch


You were on level 8 of the Dungeon.
You worshipped Gozag.
Gozag was most pleased with you.
You visited 2 branches of the dungeon, and saw 9 of its levels.
You also visited: Bailey.

You collected 1115 gold pieces.
You paid 53 gold pieces to Gozag.

Inventory:

Missiles
 V - 21 poisoned darts
 Z - 5 curare-tipped darts {=f}
Jewellery
 S - an amulet of magic regeneration (around mantle)
 W - a +4 ring of slaying (left tentacle)
Wands
 x - a wand of charming (4)
Scrolls
 r - 2 scrolls of identify
 Q - 2 scrolls of enchant armour
 R - 3 scrolls of magic mapping {!r}
 T - 3 scrolls of teleportation
 U - a scroll of fear
 X - 2 scrolls of fog
 Y - a scroll of blinking {!r}
Potions
 B - a potion of attraction {!q}
 F - 3 potions of curing
 L - 4 potions of lignification {!q}
 M - 3 potions of mutation {!q}


   Skills:
 + Level 6.4 Fighting
 - Level 2.0 Dodging
 - Level 3.0 Stealth
 * Level 8.1 Unarmed Combat
 - Level 4.0 Spellcasting
 * Level 5.2 Translocations
 - Level 7.0 Transmutations
 - Level 4.0 Ice Magic


You had 6 spell levels left.
You knew the following spells:

 Your Spells              Type           Power      Damage    Failure   Level
a - Beastly Appendage     Tmut           64%        N/A       1%          1
b - Teleport Other        Tloc           24%        N/A       4%          3
c - Ice Form              Ice/Tmut       26%        N/A       13%         4
x - Spider Form           Tmut/Pois      18%        N/A       9%          3

Your spell library contained the following spells:

 Spells                   Type           Power      Damage    Failure   Level
 Wereblood                Tmut           32%        N/A       1%          2
 Summon Small Mammal      Summ           16%        N/A       13%         1
 Passage of Golubria      Tloc           24%        N/A       16%         4
 Scorch                   Fire           8%         2d5       19%         2
 Call Canine Familiar     Summ           4%         N/A       36%         3
 Summon Guardian Golem    Hex/Summ       4%         N/A       36%         3
 Manifold Assault         Tloc           24%        N/A       38%         5
 Silence                  Hex/Air        2%         N/A       98%         5
 Lehudib's Crystal Spear  Conj/Erth      2%         10d2      100%        8


Dungeon Overview and Level Annotations

Branches:
Dungeon (8/15)             Temple (1/1) D:4          Bailey (visited)
   Lair: D:8-11

Altars:
Dithmenos
Gozag
Makhleb
Qazlal
Vehumet
Xom
The Shining One


Innate Abilities, Weirdness & Mutations

You cannot wear most types of armour.
You are amphibious.
You can wear up to eight rings at the same time.
Your skin changes colour to match your surroundings (Stealth+).
Your rubbery body absorbs attacks. (AC +1, EV +1)
((You are camouflaged when in or above water. (Stealth+)))
You have tentacles for arms and can constrict up to eight enemies at once.


Message History

* * * LOW HITPOINT WARNING * * *
26/69 (-23) 27/69 (+1)
The orc warrior attacks as you move away!
The orc warrior misses you.
You kill the orc warrior!
You hit the orc.
The orc is moderately wounded.
The orc hits you with a +0 whip.
* * * LOW HITPOINT WARNING * * *
24/69 (-3)
You hit the orc priest but do no damage.
The orc is distracted by your dazzling golden aura.
The orc priest closely misses you.
The orc shouts!
Unknown command.
You hit the orc priest.
The orc priest is poisoned.
The orc priest is moderately wounded.
A steam dragon comes into view.
The orc priest hits you with a +0 club.
* * * LOW HITPOINT WARNING * * *
20/69 (-4)
The orc is no longer distracted by gold.
The orc attacks as you move away! The orc misses you.
The orc priest attacks as you move away!
The orc priest closely misses you.
The orc priest calls upon Beogh to heal the orc.
The orc's wounds heal themselves!
The orc is distracted by your dazzling golden aura.
A centaur comes into view.
The orc shouts!
Your transformation has ended.
The centaur wields a +0 shortbow.
The centaur shoots an arrow.
The arrow hits you.
* * * LOW HITPOINT WARNING * * *
18/69 (-2)
The steam dragon breathes steam at you. The ball of steam hits you!!
You die...
Your body crumbles into a pile of gold.

###.#......#
#.# #...
#.......>#
#.#########
#..#.....#
#..........
#..#.....#
########...
#..#.....#
#.........
#..#####.#
#.........
#..#####.#
#.........
#[.#.....#
#######...
#...§@#### #...
######.§§..#
#...
####.....§....#
#...
.......D.....o#
####
####...c....o.#
........##....#
#######.....$.#
#####...#
.......$..#


You could see a centaur, an orc priest (very poisoned) and an orc.

Vanquished Creatures
  4 yaks
  Eustachio (D:5)
  A steam dragon (D:7)
  A water moccasin (D:7)
  Duvessa (D:6)
  2 orc warriors
  3 ogres
  4 sky beasts
  A black bear (D:3)
  A centaur (D:6)
  A kobold brigand (D:7)
  2 phantoms
  5 bullfrogs
  Blork the orc (D:4)
  2 necrophages
  A scorpion (D:5)
  3 wights (D:6)
  Dowan (D:6)
  2 jellies
  5 hounds
  6 orc priests
  3 iguanas
  6 orc wizards
  7 gnolls (Bailey)
  7 adders
  A white imp (D:7)
  A worm (D:4)
  2 dart slugs
  43 orcs
  6 ball pythons
  2 bats (D:1)
  7 endoplasms
  2 giant cockroaches (D:1)
  11 goblins
  7 hobgoblins
  13 jackals
  5 kobolds
  A quokka (D:3)
  3 frilled lizards
  6 rats
181 creatures vanquished.

Vanquished Creatures (others)
  A kobold (D:7)
  4 plants (D:7)
5 creatures vanquished.

Grand Total: 186 creatures vanquished

Notes
Turn   | Place    | Note
-------+----------+-------------------------------------------
     0 | D:1      | wakim the Octopode Transmuter began the quest for the Orb.
     0 | D:1      | Reached XP level 1. HP: 13/13 MP: 3/3
   214 | D:1      | Reached skill level 1 in Stealth
   269 | D:1      | Reached XP level 2. HP: 5/18 MP: 3/5
   965 | D:1      | Reached XP level 3. HP: 23/23 MP: 3/6
   969 | D:1      | Learned a level 3 spell: Spider Form
  1356 | D:2      | Got Pymeado's Volume of Translocation and Flames
  1912 | D:3      | Reached XP level 4. HP: 29/29 MP: 7/7
  2550 | D:3      | Reached skill level 4 in Unarmed Combat
  2564 | D:3      | Noticed a necrophage
  2615 | D:3      | Noticed a black bear
  2625 | D:3      | Killed a black bear
  2626 | D:3      | Reached XP level 5. HP: 25/35 MP: 7/9
  2758 | D:3      | Reached XP level 6. HP: 30/41 MP: 10/10
  3511 | D:4      | Found a staircase to the Ecumenical Temple.
  3538 | Temple   | Entered the Ecumenical Temple
  3546 | Temple   | Became a worshipper of Gozag Ym Sagoz the Greedy
  3583 | D:4      | Learned a level 4 spell: Ice Form
  3612 | D:4      | Reached XP level 7. HP: 46/46 MP: 11/11
  3699 | D:4      | Noticed Blork the orc
  3712 | D:4      | Killed Blork the orc
  3713 | D:4      | Reached skill level 1 in Ice Magic
  3871 | D:4      | Found a stormy altar of Qazlal.
  4004 | D:4      | HP: 2/46 [orc priest/divine providence (12)]
  4429 | D:4      | Found a shimmering altar of Xom.
  4549 | D:4      | Reached skill level 5 in Unarmed Combat
  4764 | D:5      | Entered Level 5 of the Dungeon
  5287 | D:5      | Noticed Eustachio
  5294 | D:5      | Killed Eustachio
  5295 | D:5      | Reached XP level 8. HP: 44/54 MP: 12/12
  5308 | D:5      | Learned a level 3 spell: Teleport Other
  5646 | D:5      | Reached skill level 5 in Transmutations
  5727 | D:5      | Reached skill level 1 in Translocations
  6771 | D:6      | Reached skill level 6 in Unarmed Combat
  6855 | D:6      | Noticed Duvessa
  6970 | D:6      | Reached skill level 5 in Fighting
  6970 | D:6      | Reached XP level 9. HP: 61/61 MP: 13/13
  7349 | D:6      | Noticed Dowan
  7804 | D:6      | Killed Duvessa
  7820 | D:6      | Killed Dowan
  7928 | D:7      | Found a flagged portal.
  8165 | D:7      | Identified the +1 hand axe "Killer Klown's Foe" {holy,
                  | rPois}
  8169 | Bailey   | Entered a bailey
  8720 | Bailey   | Noticed an orc knight
  9350 | D:7      | Reached skill level 7 in Unarmed Combat
  9509 | D:6      | Reached XP level 10. HP: 52/68 MP: 16/16
  9873 | D:7      | Found a radiant altar of Vehumet.
 10686 | D:8      | Reached skill level 5 in Translocations
 10722 | D:8      | Reached skill level 8 in Unarmed Combat
 11387 | D:8      | Killed from afar by a steam dragon

Illustrated notes

Levels and vault maps discovered:
D:1:      doesnt_arrival_eight_statues, layout_basic, chequers_arboretum,
          st_stairs_12
D:2:      layout_rooms
D:3:      layout_rooms
D:4:      layout_basic, nicolae_qazlal_eye_of_the_storm, xom_teletrap_fun,
          temple_fountains, uniq_blork_the_orc
D:5:      layout_rooms, uniq_eustachio
D:6:      layout_basic, minmay_misc_feat_chi, uniq_duvessa
D:7:      layout_basic, mainiacjoe_overflow_24_doors, enter_bailey_2,
          serial_bayou_ford_a, minmay_liquid_box
D:8:      layout_basic
Temple:   regret_index_temple_mists

Skill      XL: |  1  2  3  4  5  6  7  8  9 10 |
---------------+-------------------------------+-----
Stealth        | 1 2 3 |  3.0
Fighting       | 2 3 4 5 6 |  6.4
Unarmed Combat | 4 5 6 7 8 |  8.1
Spellcasting   | 3 4 |  4.0
Transmutations | 3 4 6 7 |  7.0
Ice Magic      | 3 4 |  4.0
Translocations | 2 4 5 |  5.2
Dodging        | |  2.0

Action                   |  1- 3 |  4- 6 |  7- 9 | 10-12 || total
-------------------------+-------+-------+-------+-------++-------
Melee: Unarmed           |    79 |    73 |   259 |    55 ||   466
       Kick              |    20 |    18 |     1 |       ||    39
       Tentacles         |    13 |    11 |     1 |       ||    25
       Constrict         |    14 |    14 |       |       ||    28
       Punch             |       |     2 |       |       ||     2
Throw: Dart              |     1 |       |       |       ||     1
 Cast: Beastly Appendage |    33 |    18 |     3 |       ||    54
       Spider Form       |       |     2 |    31 |    11 ||    44
       Ice Form          |       |       |    14 |       ||    14
 Abil: End Transformatio |       |       |     1 |       ||     1
  Use: Scroll            |     5 |     4 |     5 |       ||    14
       Potion            |       |       |     3 |       ||     3
 Stab: Sleeping          |    15 |     2 |     8 |       ||    25
       Distracted        |       |       |     2 |     1 ||     3
Armor: Skin              |     3 |     2 |    33 |     4 ||    42
Dodge: Dodged            |    39 |    36 |   172 |    24 ||   271

Table legend: (Time is in decaauts)
 A = Elapsed time spent in this place.
 B = Non-inter-level travel time spent in this place.
 C = Inter-level travel time spent in this place.
 D = Time resting spent in this place.
 E = Time spent auto-exploring this place.
 F = Levels seen in this place.
 G = Mean time per level.
                   A        B        C        D        E       F      G
               +--------+--------+--------+--------+--------+-----+--------+
         Total |  11338 |  11065 |    273 |   2677 |   5846 |  10 | 1133.8 |
       Dungeon |  10762 |  10489 |    273 |   2518 |   5575 |   8 | 1345.2 |
        Temple |     16 |     16 |      0 |      0 |      0 |   1 |   16.0 |
        Bailey |    558 |    558 |      0 |    159 |    271 |   1 |  558.0 |
               +--------+--------+--------+--------+--------+-----+--------+

Top non-repeatable levels by time:
     D:7: 1851 daAuts
     D:5: 1820 daAuts
     D:4: 1531 daAuts
     D:1: 1307 daAuts
     D:3: 1295 daAuts
     D:6: 1109 daAuts
     D:2: 1067 daAuts
     D:8: 779 daAuts
  Bailey: 558 daAuts
  Temple: 16 daAuts
